 Dungeon Crawl Stone Soup version 0.29.0-4-gdea44cf6ec (webtiles) character file.

Game seed: 3829004982120421797

54 qw the Chopper (level 3, 0/21 HPs)
             Began as a Tengu Warper on Aug 28, 2022.
             Killed from afar by Sigmund (3 damage)
             ... with a magic dart
             ... on level 2 of the Dungeon.
             The game lasted 00:00:11 (2269 turns).

qw the Chopper (Tengu Warper)                       Turns: 2269, Time: 00:00:12

Health: 0/21       AC:  3    Str: 13    XL:     3   Next: 91%
Magic:  7/7        EV: 12    Int: 13    God:
Gold:   86         SH:  0    Dex: 13    Spells: 6/6 levels left

rFire   . . .      SeeInvis .   Y - +0 hand axe
rCold   . . .      Faith    .   (no shield)
rNeg    . . .      Spirit   .   b - +0 leather armour
rPois   .          Reflect  .   (helmet restricted)
rElec   .          Harm     .   (no cloak)
rCorr   .          Rampage  .   (no gloves)
Will    .....                   (boots unavailable)
Stlth   +.........              (no amulet)
HPRegen 0.07/turn               (no ring)
MPRegen 0.10/turn               (no ring)

@: confused
A: beak, talons 3
a: no special abilities


You were on level 2 of the Dungeon.
You visited 1 branch of the dungeon, and saw 2 of its levels.

You collected 86 gold pieces.


Innate Abilities, Weirdness & Mutations

You have a beak for a mouth.
You have claws for feet.


   Skills:
 - Level 2.0 Fighting
 + Level 4.5 Axes
 - Level 1.0 Throwing
 - Level 1.1 Armour
 - Level 2.1 Dodging
 - Level 2.0 Spellcasting
 - Level 2.4 Translocations


You had 6 spell levels left.
You didn't know any spells.
Your spell library contained the following spells:

 Spells                   Type           Power      Damage    Failure   Level
 Blink                    Tloc           14%        N/A       19%         2
 Gell's Gravitas          Tloc           7%         N/A       36%         3
 Lesser Beckoning         Tloc           7%         N/A       36%         3
 Teleport Other           Tloc           7%         N/A       36%         3
 Manifold Assault         Tloc           7%         N/A       98%         5

Inventory:

Hand Weapons
 d - a +0 whip
 Y - a +0 hand axe (weapon)
Missiles
 e - 5 javelins (quivered)
Armour
 b - a +0 leather armour (worn)
Scrolls
 c - a scroll of teleportation
Potions
 a - 2 potions of might {unknown}

Dungeon Overview and Level Annotations

Branches:
Dungeon (2/15)

Altars:

Annotations:
D:2 Sigmund


Message History

Throw: 5 javelins
Press: ? - help, Q - select action Shift-Dir - straight line, f - quokka You throw a javelin.
The javelin closely misses the quokka.
You hit the quokka.
You kill the quokka!
e - 5 javelins (gained 1) Sigmund the Dreaded comes into view.
He is wielding a +0 scythe.
Sigmund shouts!
Sigmund is suddenly surrounded by pale blue light.
Enter note:
Enter note:
Found a club.
Sigmund gestures wildly while chanting.
Sigmund flickers and vanishes!
Deactivating autopickup; reactivate with Ctrl-A.
A hobgoblin comes into view.
2258 ||| Stepping ~*~*~tactically~*~*~ (stealth).
2259 ||| Stepping ~*~*~tactically~*~*~ (stealth).
You swing at nothing.
You swing at nothing.
You swing at nothing.
Something hits you.
You swing at nothing.
You hear some strange, mumbled words.
Something tries to affect you, but you resist.
You swing at nothing.
Something hits you.
You swing at nothing.
You swing at nothing.
Something hits you.
You swing at nothing.
Something hits you!
You swing at nothing.
You hear some strange, mumbled words.
You are confused.
You're too confused to attack without stumbling around!
You start resting.
A magic dart appears from out of thin air!
The magic dart hits you.
You die...

####.# #. #.#....#
#..[.# .####
##.###.# #.####
.).# ### #.#
#.##### #..# #.#
......# #..# #.#
#.###.#
...###..########.#
#...
..g....{.........#
#####
.###.#.##########
#####.# #@#
%.....# ........#
####### #########


There were no monsters in sight!

Vanquished Creatures
  2 dart slugs (D:1)
  4 ball pythons
  4 endoplasms (D:1)
  3 giant cockroaches (D:1)
  8 goblins
  A hobgoblin (D:2)
  3 jackals (D:1)
  6 quokkas
  4 bats
  3 frilled lizards (D:1)
  2 kobolds
  3 rats
43 creatures vanquished.

Vanquished Creatures (others)
  A fungus (D:1)
  2 plants (D:1)
3 creatures vanquished.

Grand Total: 46 creatures vanquished

Notes
Turn   | Place    | Note
-------+----------+-------------------------------------------
     0 | D:1      | qw the Tengu Warper began the quest for the Orb.
     0 | D:1      | Reached XP level 1. HP: 12/12 MP: 4/4
     0 | D:1      | 0 ||| qw: Version: 0.1-a-89-g26bdef1
     0 | D:1      | 0 ||| qw: Game counter: 1038
     0 | D:1      | 0 ||| qw: Always use a shield: true
     0 | D:1      | 0 ||| qw: God list: Okawaru
     0 | D:1      | 0 ||| qw: Allow faded altars: false
     0 | D:1      | 0 ||| qw: Do Orc after D:15 true
     0 | D:1      | 0 ||| qw: Do second Lair branch before Depths: true
     0 | D:1      | 0 ||| qw: Lair rune preference: random
     0 | D:1      | 0 ||| qw: Plans: Normal
     0 | D:1      | 0 ||| PLANNING D:1-11
   222 | D:1      | HP: 2/12 [frozen (4)]
   224 | D:1      | Reached skill level 3 in Axes
   224 | D:1      | Reached XP level 2. HP: 3/17 MP: 6/6
   307 | D:1      | 307 ||| Stepping ~*~*~tactically~*~*~ (stealth).
   573 | D:1      | 573 ||| Stepping ~*~*~tactically~*~*~ (hiding).
   675 | D:1      | 675 ||| Stepping ~*~*~tactically~*~*~ (hiding).
   778 | D:1      | 778 ||| Stepping ~*~*~tactically~*~*~ (hiding).
   779 | D:1      | 779 ||| Stepping ~*~*~tactically~*~*~ (hiding).
   901 | D:1      | 901 ||| Stepping ~*~*~tactically~*~*~ (stealth).
  1058 | D:1      | Reached XP level 3. HP: 14/21 MP: 7/7
  1233 | D:1      | 1233 ||| Stepping ~*~*~tactically~*~*~ (stealth).
  1238 | D:1      | 1238 ||| Stepping ~*~*~tactically~*~*~ (stealth).
  1241 | D:1      | 1241 ||| Stepping ~*~*~tactically~*~*~ (stealth).
  1401 | D:1      | 1401 ||| Stepping ~*~*~tactically~*~*~ (stealth).
  1402 | D:1      | 1402 ||| Stepping ~*~*~tactically~*~*~ (stealth).
  1443 | D:1      | Found a faded altar of an unknown god.
  1470 | D:1      | Reached skill level 4 in Axes
  1572 | D:1      | 1572 ||| Stepping ~*~*~tactically~*~*~ (stealth).
  1606 | D:1      | 1606 ||| DROPPING +0 club.
  1754 | D:1      | 1754 ||| READING scroll labelled ERUGUA ZENLAA.
  1758 | D:1      | 1758 ||| READING scroll labelled MIORIAQ GAEDUU.
  1759 | D:1      | 1759 ||| READING scroll labelled EBREIM VURAEQ.
  1760 | D:1      | 1760 ||| DROPPING scroll of blinking.
  1917 | D:2      | 1917 ||| Stepping ~*~*~tactically~*~*~ (stealth).
  1918 | D:2      | 1918 ||| Stepping ~*~*~tactically~*~*~ (stealth).
  2041 | D:2      | 2041 ||| Stepping ~*~*~tactically~*~*~ (stealth).
  2046 | D:2      | 2046 ||| Stepping ~*~*~tactically~*~*~ (stealth).
  2256 | D:2      | Noticed Sigmund
  2258 | D:2      | 2258 ||| Stepping ~*~*~tactically~*~*~ (stealth).
  2259 | D:2      | 2259 ||| Stepping ~*~*~tactically~*~*~ (stealth).
  2267 | D:2      | HP: 3/21 [something (7)]
  2269 | D:2      | Killed from afar by Sigmund

Levels and vault maps discovered:
D:1:      sevenhm_arrival_forest_fort_large_2, layout_loops_cross,
          shapermc_ecumenical_altar_ellora
D:2:      layout_loops_corners, chequers_serial_rivers_small_b, uniq_sigmund

Skill      XL: |  1  2  3 |
---------------+----------+-----
Axes           | 3 4 |  4.5
Fighting       | |  2.0
Throwing       | |  1.0
Armour         | |  1.1
Dodging        | |  2.1
Spellcasting   | |  2.0
Translocations | |  2.4

Action                   || total
-------------------------++-------
Melee: Hand axe          ||    85
       Kick              ||    18
       Peck              ||     6
Throw: Boomerang         ||     7
       Javelin           ||     2
  Use: Scroll            ||     3
Armor: Leather armour    ||    23
Dodge: Dodged            ||    32

Table legend:
 A = Non-vault XP
 B = Vault XP
 C = Vault XP percentage of total XP
 D = Non-vault monster count
 E = Vault monster count
 F = Vault count percentage of total count
                 A         B        C        D         E       F
            +---------+---------+-------+---------+---------+-------
      Total |      78 |       0 |   0.0 |      43 |       0 |   0.0
            +---------+---------+-------+---------+---------+-------
        D:1 |      61 |       0 |   0.0 |      33 |       0 |   0.0
        D:2 |      17 |       0 |   0.0 |      10 |       0 |   0.0
            +---------+---------+-------+---------+---------+-------
